 Dungeon Crawl Stone Soup version 0.31.0-9-g3a7656b989 (webtiles) character file.

Game seed: 12081091880291858895

276 qw the Ducker (level 6, -2/30 HPs)
             Began as a Spriggan Hunter on Feb 2, 2024.
             Slain by an ufetubus (4 damage)
             ... summoned by Eustachio
             ... on level 3 of the Dungeon.
             The game lasted 00:00:10 (2495 turns).

qw the Ducker (Spriggan Hunter)                     Turns: 2495, Time: 00:00:11

Health: -2/30      AC:  2    Str:  7      XL:     6   Next: 4%
Magic:  7/7        EV: 21    Int: 11      God:
Gold:   231        SH:  5    Dex: 19 (20) Spells: 5/5 levels left

rFire   . . .        a - +1 shortbow
rCold   . . .        (shield currently unavailable)
rNeg    . . .        c - +0 robe
rPois   .            (helmet restricted)
rElec   .            (no cloak)
rCorr   .            (gloves unavailable)
SInv    +            (boots unavailable)
Will    +....        i - amulet of reflection
Stlth   ++           (no ring)
HPRegen 0.25/turn    (no ring)
MPRegen 0.10/turn

%: reflection
@: very quick
A: very small, no large weapons, unfitting armour, see invisible, speed 3
a: no special abilities


You were on level 3 of the Dungeon.
You visited 1 branch of the dungeon, and saw 4 of its levels.

You collected 231 gold pieces.


Innate Abilities, Weirdness & Mutations

You are very small and have problems with some larger weapons.
You are too small for most types of armour.
You have supernaturally acute eyesight. (SInv)
You cover ground extremely quickly. (Speed+++)


   Skills:
 - Level 2.1 Fighting
 + Level 5.7 Ranged Weapons
 - Level 6.1 Dodging
 - Level 1.5 Stealth


You had 5 spell levels left.
You didn't know any spells.
Your spell library was empty.

Inventory:

Hand Weapons
 a - a +1 shortbow (weapon)
Armour
 c - a +0 robe (worn)
Jewellery
 i - an amulet of reflection (around neck)
Potions
 b - a potion of cancellation
 d - a potion of invisibility {unknown}
 e - a potion of might {unknown}
 f - a potion of magic {unknown}
 g - a potion of brilliance {unknown}
 h - 3 potions of curing
 k - a potion of haste {unknown}

Dungeon Overview and Level Annotations

Branches:
Dungeon (4/15)
 Temple: D:4-7

Altars:
Uskayaw
Xom

Annotations:
D:3 Eustachio


Message History

The shadow imp gestures at you. You resist with significant effort.
Eustachio gestures wildly while chanting.
Eustachio blinks!
The quokka bites you.
You shoot an arrow.
The arrow hits the shadow imp but does no damage.
You block the shadow imp's attack. The quokka bites you.
The bat completely misses you.
You shoot an arrow.
The arrow closely misses the shadow imp.
You block the bat's attack. The bat completely misses you.
The quokka misses you. The shadow imp closely misses you.
The quokka misses you.
You shoot an arrow. The arrow hits the shadow imp.
The shadow imp is lightly wounded.
The shadow imp disappears in a puff of smoke!
The bat misses you. The quokka completely misses you.
You shoot an arrow. The arrow closely misses the bat.
You block the bat's attack. The quokka closely misses you.
Eustachio barely misses you.
You shoot an arrow. The arrow hits Eustachio.
Eustachio is moderately wounded.
You block the bat's attack. The quokka completely misses you.
Eustachio gestures wildly while chanting.
The quokka bites you.
You shoot an arrow. The arrow hits Eustachio.
Eustachio is moderately wounded.
The bat barely misses you. The quokka barely misses you.
You block Eustachio's attack.
You shoot an arrow. The arrow barely misses Eustachio.
The bat hits you but does no damage. The quokka barely misses you.
Eustachio casts a spell.
You shoot an arrow. The arrow misses Eustachio.
The bat hits you but does no damage. You block the quokka's attack.
Eustachio mumbles some strange words.
Eustachio blinks!
The quokka misses you.
You shoot an arrow. The arrow hits the ufetubus.
The ufetubus is moderately wounded.
The bat closely misses you. The ufetubus completely misses you.
The ufetubus hits you.
You die...

#.# #.#
##########.#######.############
..............)....##.........#
.#########.#######.######.#####
.# #.### ###.######.# .# #.#|#
#r.......#.#
.#########.#.###.#.######.#
...............5r#....# #.#
.######....#.###@####.# #.#
......'......# #b####.###.#######
..#####......# #.................
..# ##.....###........#..######
..# #................#%.# ####
..### #................#..# #...
....####......##........#..###.##
......##......##........#........
..?....#......##..########.##..##


You could see an ufetubus (summoned), a quokka (summoned), a bat (summoned) and
a rat (summoned).

Vanquished Creatures
  An ogre (D:3)
  A howler monkey (D:4)
  A hound (D:4)
  A sleepcap (D:4)
  4 adders
  2 ribbon worms (D:3)
  5 endoplasms
  A giant cockroach (D:4)
  7 goblins
  10 hobgoblins
  3 jackals (D:1)
  4 kobolds
  3 quokkas
  6 ball pythons
  3 bats
  4 frilled lizards
  A rat (D:2)
57 creatures vanquished.

Notes
Turn   | Place    | Note
-------+----------+-------------------------------------------
     0 | D:1      | qw the Spriggan Hunter began the quest for the Orb.
     0 | D:1      | Reached XP level 1. HP: 10/10 MP: 2/2
     0 | D:1      | 0 ||| qw: Version: 0.3-a-155-g5e7d8dd
     0 | D:1      | 0 ||| qw: Game counter: 2466
     0 | D:1      | 0 ||| qw: Melee chars always use a shield: true
     0 | D:1      | 0 ||| qw: God list: Okawaru
     0 | D:1      | 0 ||| qw: Allow faded altars: false
     0 | D:1      | 0 ||| qw: Do Orc after clearing Dungeon:15 true
     0 | D:1      | 0 ||| qw: Do second Lair branch before Depths: true
     0 | D:1      | 0 ||| qw: Lair rune preference: random
     0 | D:1      | 0 ||| qw: Goals: Normal
     0 | D:1      | 0 ||| PLANNING D:1-11
    50 | D:1      | Reached skill level 3 in Dodging
   164 | D:1      | Reached XP level 2. HP: 14/14 MP: 3/3
   220 | D:1      | Reached skill level 4 in Dodging
   419 | D:1      | 419 ||| READING scroll labelled QUEL WOUF DEN.
   422 | D:1      | 422 ||| READING 2 scrolls labelled ZANOPA BATZI.
   423 | D:1      | 423 ||| READING scroll labelled GUS WUMUJE.
   423 | D:1      | 423 ||| ENCHANTING +0 shortbow.
   424 | D:1      | 424 ||| READING scroll labelled KADDEA NOOSORCH.
   525 | D:1      | 525 ||| DROPPING scroll of butterflies.
   526 | D:1      | 526 ||| DROPPING scroll of fear.
   676 | D:2      | Reached XP level 3. HP: 18/18 MP: 4/4
  1092 | D:2      | 1092 ||| UPGRADING to amulet of reflection.
  1097 | D:2      | 1097 ||| READING scroll labelled ZIPAORPHOEN.
  1097 | D:2      | 1097 ||| IDENTIFYING clear potion
  1098 | D:2      | 1098 ||| READING scroll labelled FUERAITEUCH.
  1098 | D:2      | 1098 ||| ENCHANTING +1 shortbow.
  1099 | D:2      | 1099 ||| READING 3 scrolls labelled YLAAMU PIGHOJI.
  1100 | D:2      | 1100 ||| READING scroll labelled JIPIUMMOSISH.
  1101 | D:2      | 1101 ||| DRINKING 2 white potions.
  1102 | D:2      | 1102 ||| DROPPING 2 scrolls of fog.
  1236 | D:3      | Reached XP level 4. HP: 22/22 MP: 5/5
  1661 | D:3      | Found a hide-covered altar of Uskayaw.
  1933 | D:3      | 1933 ||| READING scroll labelled SUNYUPLUKYT.
  1967 | D:4      | Noticed an ogre
  1972 | D:4      | 1972 ||| STAIRDANCE
  1975 | D:3      | Killed an ogre
  1976 | D:3      | Reached skill level 6 in Dodging
  1976 | D:3      | Reached XP level 5. HP: 25/25 MP: 6/6
  2242 | D:4      | Found a shimmering altar of Xom.
  2289 | D:4      | Noticed Eustachio
  2292 | D:4      | 2292 ||| RETREEEEATING.
  2294 | D:4      | 2294 ||| RETREEEEATING.
  2302 | D:4      | Reached XP level 6. HP: 15/30 MP: 7/7
  2328 | D:4      | 2328 ||| FLEEEEING.
  2329 | D:4      | 2329 ||| FLEEEEING.
  2330 | D:4      | 2330 ||| FLEEEEING.
  2331 | D:4      | 2331 ||| FLEEEEING.
  2332 | D:4      | 2332 ||| FLEEEEING.
  2333 | D:4      | 2333 ||| STAIRDANCE
  2360 | D:3      | 2360 ||| READING 2 scrolls labelled PEWUFI QUULOUC.
  2461 | D:3      | 2461 ||| DROPPING scroll of silence.
  2464 | D:4      | 2464 ||| STAIRDANCE
  2468 | D:4      | 2468 ||| STAIRDANCE
  2476 | D:3      | 2476 ||| RETREEEEATING.
  2486 | D:3      | HP: 7/30 [quokka[Eustachio] (4)]
  2491 | D:3      | HP: 1/30 [quokka[Eustachio] (4)]
  2495 | D:3      | Slain by an ufetubus

Levels and vault maps discovered:
D:1:      spicycebolla_green_bress_n_ham, layout_rooms
D:2:      cheibrodos_old_hovel, layout_rooms, lightli_corner_chamber
D:3:      layout_basic, overflow_temple_1_default
D:4:      layout_basic, mainiacjoe_overflow_tiny_flanked, uniq_eustachio

Skill      XL: |  1  2  3  4  5 |
---------------+----------------+-----
Dodging        | 3 4 6 |  6.1
Ranged Weapons | 5 |  5.7
Fighting       | 2 |  2.1
Stealth        | |  1.5

Action                     |  1- 3 |  4- 6 || total
---------------------------+-------+-------++-------
   Fire: Shortbow          |   114 |   123 ||   237
    Use: Scroll            |     8 |     2 ||    10
         Potion            |     1 |       ||     1
 Armour: Robe              |    10 |    24 ||    34
  Dodge: Dodged            |    43 |   100 ||   143
  Block: Other             |       |    21 ||    21
         Reflection        |       |     3 ||     3

Table legend:
 A = Non-vault XP
 B = Vault XP
 C = Vault XP percentage of total XP
 D = Non-vault monster count
 E = Vault monster count
 F = Vault count percentage of total count
                 A         B        C        D         E       F
            +---------+---------+-------+---------+---------+-------
      Total |     393 |       2 |   0.5 |      56 |       1 |   1.8
            +---------+---------+-------+---------+---------+-------
        D:1 |      35 |       0 |   0.0 |      20 |       0 |   0.0
        D:2 |      29 |       2 |   6.5 |      11 |       1 |   8.3
        D:3 |     168 |       0 |   0.0 |      12 |       0 |   0.0
        D:4 |     161 |       0 |   0.0 |      13 |       0 |   0.0
            +---------+---------+-------+---------+---------+-------
